Map: Prion Terraces

Players

바이는바보

  • Race: Terran Terran
  • League: Diamond

ILLBdA - Winner!

  • Race: Protoss Protoss
  • League: Diamond

VOD

Have the link to the VOD?

Description

Time

  • Played on: Dec. 31, 2015, 10:39 a.m.
  • Length: 8:39
Show
View Real Time Build Order
Export as new Build Order

바이는바보 Terran 

Build Orders: Liberator Opening, MMM Bio 

Get SALT Encoding   

  12  0:01  SCV  
  13  0:13  SCV  
  14  0:18  Supply Depot  
  14  0:25  SCV  
  15  0:29  Refinery  
  15  0:41  Barracks  
  15  0:45  SCV  
  16  0:57  SCV  
  17  1:09  SCV  
  18  1:17  Refinery  
  18  1:21  SCV  
  19  1:28  Reaper  
  19  1:30  Supply Depot  
  20  1:33  Orbital Command  
  20  1:48  Factory  
  20  1:59  SCV  
  21  2:02  Barracks Reactor  
  21  2:16  SCV  
  22  2:24  Supply Depot  
  22  2:28  SCV  
  23  2:31  Factory Tech Lab  
  23  2:34  Starport  
  23  2:40  SCV  
  23  2:44  Marine x2  
  25  2:50  Siege Tank  
  29  2:52  SCV  
  29  2:55  Liberator  
  29  2:57  Supply Depot  
  30  3:01  Marine  
  30  3:02  Marine  
  35  3:22  Widow Mine  
  35  3:23  Engineering Bay  
  35  3:25  Marine x2  
  39  3:38  Supply Depot  
  39  3:43  Marine x2  
  41  3:51  Siege Tank  
  41  3:53  Missile Turret  
  44  3:59  Medivac  
  44  4:01  Marine  
  47  4:03  Marine  
  47  4:30  Command Center  
  47  4:32  Marine  
  47  4:35  Starport Reactor  
  48  4:43  Marine  
  49  4:50  Marine  
  50  5:01  Marine  
  51  5:08  Marine  
  51  5:11  Barracks  
  51  5:12  Barracks  
  52  5:19  Marine  
  53  5:26  Marine  
  43  5:33  Liberator  
  41  5:37  Marine  
  41  5:43  Siege Tank  
  41  5:44  Marine  
  42  5:55  Marine  
  39  5:58  Orbital Command  
  39  6:02  Marine  
  40  6:05  Barracks Tech Lab x2  
  39  6:24  SCV x2  
  41  6:28  Combat Shields, Stimpack  
  41  6:33  Terran Infantry Weapons Level 1  
  41  6:36  SCV x2  
  43  6:51  Missile Turret  
  43  6:53  SCV x2  
  42  6:54  Marine  
  42  6:56  Marauder  
  42  6:57  Marauder  
  42  7:01  Marine  
  48  7:05  SCV x2  
  48  7:06  Medivac  
  52  7:12  Marine  
  53  7:18  Marauder x2  
  57  7:27  Marine  
  57  7:29  Marine  
  58  7:34  Refinery  
  58  7:36  Supply Depot, Refinery  
  59  7:37  Medivac  
  59  7:39  Marauder x2  
  65  7:45  Marine  
  65  7:46  SCV  
  65  7:47  Marine  
  60  8:00  Marine x2  
  60  8:02  Marine  
  60  8:05  Marine  
  41  8:18  Marine x2  
Show
View Real Time Build Order
Export as new Build Order

ILLBdA Protoss - Winner!

Build Orders: 1 Gate Expand, Phoenix Opening 

Get SALT Encoding   

  12  0:01  Probe (Chrono Boost)  
  13  0:11  Probe (Chrono Boost)  
  14  0:19  Pylon  
  14  0:22  Probe (Chrono Boost)  
  15  0:37  Probe (Chrono Boost)  
  15  0:39  Gateway  
  16  0:43  Assimilator  
  16  0:48  Probe (Chrono Boost)  
  17  0:58  Probe (Chrono Boost)  
  18  1:11  Probe (Chrono Boost)  
  19  1:19  Nexus  
  19  1:23  Probe (Chrono Boost)  
  20  1:33  Cybernetics Core  
  20  1:35  Probe (Chrono Boost)  
  21  1:40  Assimilator  
  21  1:47  Pylon  
  21  1:50  Probe (Chrono Boost)  
  22  2:01  Probe (Chrono Boost)  
  23  2:06  Pylon  
  23  2:09  Adept (Chrono Boost)  
  23  2:10  Warp Gate  
  24  2:17  Mothership Core (Chrono Boost)  
  26  2:30  Probe  
  26  2:35  Adept (Chrono Boost)  
  29  2:37  Probe  
  29  2:41  Probe  
  31  2:49  Probe  
  32  2:51  Probe  
  32  2:57  Stargate  
  33  3:01  Probe  
  33  3:02  Probe  
  35  3:13  Probe x2 (Chrono Boost)  
  37  3:25  Probe x2 (Chrono Boost)  
  39  3:31  Robotics Facility  
  39  3:35  Probe (Chrono Boost)  
  39  3:36  Probe (Chrono Boost)  
  41  3:42  Phoenix  
  41  3:43  Stalker  
  41  3:46  Probe (Chrono Boost)  
  46  3:50  Pylon  
  46  3:51  Pylon  
  46  3:56  Pylon  
  46  4:07  Phoenix  
  46  4:08  Probe (Chrono Boost)  
  49  4:13  Gateway  
  49  4:14  Gateway  
  47  4:25  Immortal (Chrono Boost)  
  47  4:26  Adept  
  53  4:36  Pylon, Phoenix  
  53  4:41  Probe  
  53  4:42  Assimilator x2  
  56  4:47  Zealot  
  58  5:00  Pylon  
  58  5:04  Immortal (Chrono Boost)  
  62  5:09  Adept x2  
  60  5:23  Zealot  
  52  5:34  Void Ray  
  50  5:37  Adept x2  
  58  5:43  Immortal (Chrono Boost)  
  62  5:50  Adept  
  64  6:03  Adept x2  
  68  6:14  Gateway x2  
  68  6:25  Phoenix  
  68  6:28  Immortal, Nexus  
  74  6:54  Pylon  
  74  6:55  Probe  
  74  6:56  Phoenix  
  74  6:57  Stargate  
  74  7:00  Robotics Bay  
  77  7:05  Probe  
  78  7:12  Adept  
  78  7:13  Adept x3  
  86  7:28  Probe  
  86  7:29  Phoenix  
  83  7:32  Observer  
  86  7:37  Pylon  
  86  7:40  Probe  
  86  7:41  Phoenix  
  86  7:43  Forge  
  89  7:45  Probe  
  89  7:46  Probe  
  91  7:52  Probe  
  88  8:08  Phoenix  
  88  8:12  Phoenix  
Tags
 
Add a new tag
Caveats
  • Supply blocks, unpowered buildings, or Contaminate may cause inaccurate times.
  • Supply counts are checked every 10 seconds.